 Dungeon Crawl Stone Soup version 0.25.1-2-g60ff931df9 (webtiles) character file.

Game seed: 17176999904201165426

14 H0rd4k the Insei (level 2, 0/18 HPs)
             Began as an Octopode Transmuter on Aug 3, 2020.
             Killed from afar by a dart slug (7 damage)
             ... with a slug dart
             ... on level 1 of the Dungeon.
             The game lasted 00:00:24 (798 turns).

H0rd4k the Insei (Octopode Transmuter)               Turns: 798, Time: 00:00:25

Health: 0/18       AC:  1    Str:  9    XL:     2   Next: 45%
Magic:  5/5        EV: 13    Int: 15    God:
Gold:   30         SH:  0    Dex: 12    Spells: 4/5 levels left

rFire    . . .     SeeInvis .     - Unarmed
rCold    . . .     Gourm    .   (no shield)
rNeg     . . .     Faith    .   (helmet restricted)
rPois    .         Spirit   .   (no amulet)
rElec    .         Reflect  .   (no ring)
rCorr    .         Harm     .   (no ring)
MR       .....                  (no ring)
Stlth    ++........             (no ring)
HPRegen  0.06/turn              (no ring)
MPRegen  0.09/turn              (no ring)
                                (no ring)
                                (no ring)

@: no status effects
A: almost no armour, stealthy swim, amphibious, 8 rings, constrict 8, camouflage
1, gelatinous body 1
a: no special abilities


You were on level 1 of the Dungeon.
You were not hungry.

You visited 1 branch of the dungeon, and saw 1 of its levels.

You collected 30 gold pieces.

Inventory:

Missiles
 a - 12 arrows
 d - 12 poisoned darts (quivered)
Scrolls
 b - a scroll of identify {unknown}
 g - a scroll of immolation {unknown}
Potions
 e - a potion of flight {unknown}
 f - a potion of brilliance {unknown}
 h - a potion of curing {unknown}
Comestibles
 c - a ration
 i - a chunk of flesh


   Skills:
 + Level 1.1 Fighting
 + Level 2.0 Dodging
 + Level 0.6 Stealth
 + Level 3.5 Unarmed Combat
 * Level 2.1 Spellcasting
 * Level 2.0 Transmutations


You had 4 spell levels left.
You knew the following spells:

 Your Spells              Type           Power        Failure   Level  Hunger
a - Beastly Appendage     Tmut           #.....       10%         1    #......

Your spell library contained the following spells:

 Spells                   Type           Power        Failure   Level  Hunger
 Sticks to Snakes         Tmut           #.......     14%         2    ###....
 Spider Form              Tmut/Pois      #.........   41%         3    ###....
 Ice Form                 Ice/Tmut       #.......     82%         4    #####..
 Blade Hands              Tmut           #.........   95%         5    ######.


Dungeon Overview and Level Annotations

Branches:
Dungeon (1/15)

Altars:


Innate Abilities, Weirdness & Mutations

You cannot wear most types of armour.
You are very stealthy in the water. (Stealth+)
You are amphibious.
You can wear up to eight rings at the same time.
You can use your tentacles to constrict eight enemies at once.
Your skin changes colour to match your surroundings (Stealth+).
Your rubbery body absorbs attacks. (AC +1, EV +1)


Message History

You tentacle-slap the kobold. Your grab misses the kobold.
The kobold is severely wounded.
The kobold hits you.
You are too injured to fight recklessly!
You are too injured to fight recklessly!
You are too injured to fight recklessly!
You are too injured to fight recklessly!
You are too injured to fight recklessly!
You closely miss the kobold. You grab the kobold.
The kobold is severely wounded.
You constrict the kobold, but do no damage.
The kobold closely misses you.
A hobgoblin comes into view.
You tentacle-slap the kobold.
You kill the kobold!
You closely miss the goblin. You grab the goblin. You squeeze the goblin.
You kill the goblin!
The dart slug launches a dart at you. The slug dart hits you!
You die...

...####.#...#.)..รท...#
...####.#...#........#
......#.#.).#.########
.####.#.#...#(# #####
.####.#.#...#(####.....
.##.......#...(....w...
.##.#.###.......w###.#
.##.#.# ###..##..#
......# #....###@#
###.### #....# #g# #...
...#... ... ......###..
...#. #..#..# #...#?.
#....... #...# ##
...#..## #.... #### #
.#.#.


You could see a dart slug and a hobgoblin.

Vanquished Creatures
  A giant cockroach (D:1)
  2 goblins (D:1)
  4 kobolds (D:1)
  3 bats (D:1)
  A frilled lizard (D:1)
  3 rats (D:1)
14 creatures vanquished.

Notes
Turn   | Place    | Note
-------+----------+-------------------------------------------
     0 | D:1      | H0rd4k the Octopode Transmuter began the quest for the Orb.
     0 | D:1      | Reached XP level 1. HP: 13/13 MP: 3/3
   365 | D:1      | Reached XP level 2. HP: 7/18 MP: 5/5
   798 | D:1      | Killed from afar by a dart slug

Illustrated notes

Levels and vault maps discovered:
D:1:      dpeg_arrival_prison, layout_loops_cross, minmay_octomino_c4

Action                   || total
-------------------------++-------
Melee: Unarmed           ||    36
       Constrict         ||    12
       Tentacles         ||     3
       Punch             ||     1
 Stab: Sleeping          ||     1
Armor: Skin              ||    13
Dodge: Dodged            ||    29
